Map: Ascension to Aiur LE

Players

NightEnD - Winner!

  • Race: Protoss Protoss
  • Spawn Location: 5:00

Rommeo

  • Race: Zerg Zerg
  • Spawn Location: 11:00

Event: WCS Valencia 2017

VOD

Have the link to the VOD?

Description

Time

  • Played on: July 13, 2017, 7:51 a.m.
  • Length: 7:18

All games in this series

Show
View Real Time Build Order
Export as new Build Order

NightEnD Protoss - Winner!

Build Orders: Oracle Opening 

Get SALT Encoding   

  12  0:01  Probe (Chrono Boost)  
  13  0:11  Probe (Chrono Boost)  
  14  0:18  Pylon  
  14  0:22  Probe (Chrono Boost)  
  15  0:36  Probe (Chrono Boost)  
  15  0:38  Gateway  
  16  0:46  Assimilator  
  16  0:48  Probe (Chrono Boost)  
  17  0:58  Probe (Chrono Boost)  
  17  1:01  Assimilator  
  18  1:09  Probe (Chrono Boost)  
  19  1:19  Probe (Chrono Boost)  
  20  1:28  Cybernetics Core  
  20  1:30  Probe (Chrono Boost)  
  21  1:40  Probe (Chrono Boost)  
  22  1:48  Pylon  
  22  1:51  Probe (Chrono Boost)  
  23  2:06  Stargate, Adept (Chrono Boost)  
  25  2:09  Mothership Core (Chrono Boost)  
  25  2:14  Pylon  
  27  2:38  Nexus  
  27  2:49  Oracle (Chrono Boost)  
  30  2:56  Adept  
  32  3:01  Warp Gate (Chrono Boost)  
  32  3:11  Gateway  
  31  3:21  Oracle (Chrono Boost)  
  31  3:23  Probe  
  35  3:36  Probe, Pylon  
  36  3:42  Adept  
  33  3:58  Void Ray (Chrono Boost)  
  24  4:24  Probe  
  24  4:31  Probe  
  23  4:36  Probe  
  26  4:58  Adept  
  26  4:59  Adept  
  28  5:11  Probe (Chrono Boost)  
  28  5:13  Probe (Chrono Boost)  
  30  5:15  Pylon  
  30  5:22  Probe (Chrono Boost)  
  32  5:30  Pylon  
  32  5:35  Probe (Chrono Boost)  
  33  5:36  Probe (Chrono Boost)  
  33  5:45  Probe (Chrono Boost)  
  34  5:52  Oracle (Chrono Boost)  
  34  5:55  Probe  
  38  5:59  Probe  
  39  6:10  Probe  
  39  6:14  Adept  
  39  6:20  Adept  
  39  6:21  Probe (Chrono Boost)  
  39  6:22  Probe (Chrono Boost)  
  43  6:32  Twilight Council  
  43  6:34  Probe (Chrono Boost)  
  44  6:43  Probe (Chrono Boost)  
  45  6:47  Probe (Chrono Boost)  
  45  6:53  Probe (Chrono Boost)  
  47  6:58  Probe (Chrono Boost)  
  48  7:03  Probe (Chrono Boost)  
Show
View Real Time Build Order
Export as new Build Order

Rommeo Zerg 

Build Orders: Pool First 

Get SALT Encoding   

  12  0:01  Drone  
  13  0:12  Overlord  
  13  0:17  Drone  
  14  0:30  Drone  
  14  0:31  Drone  
  14  0:35  Drone  
  17  0:46  Spawning Pool  
  17  0:48  Drone  
  17  0:51  Extractor  
  17  0:57  Drone  
  17  1:17  Hatchery  
  16  1:22  Drone  
  17  1:27  Drone  
  18  1:33  Drone  
  19  1:41  Roach Warren  
  19  1:44  Zergling x2  
  19  1:50  Zergling x2  
  20  1:57  Queen  
  22  2:04  Metabolic Boost  
  22  2:11  Overlord  
  22  2:29  Overlord  
  22  2:31  Roach x2  
  22  2:35  Roach  
  28  2:45  Roach  
  30  2:52  Roach  
  32  2:58  Roach  
  34  3:08  Roach  
  34  3:11  Zergling x8  
  34  3:12  Zergling x2  
  41  3:19  Zergling x2  
  42  3:25  Overlord  
  42  3:29  Zergling x2  
  43  3:36  Zergling x2  
  33  4:00  Zergling x2  
  33  4:01  Zergling x4  
  30  4:13  Zergling x6  
  30  4:14  Zergling x2  
  28  4:22  Zergling x2  
  21  4:32  Zergling x4  
  22  4:45  Zergling x2  
  22  4:58  Zergling x2  
  22  5:05  Zergling x2  
  21  5:11  Zergling x4  
  20  5:18  Zergling x2  
  17  5:35  Drone x3  
  19  5:43  Drone  
  20  5:52  Spore Crawler  
  17  6:08  Drone  
  17  6:09  Drone  
  10  6:33  Drone  
  10  6:52  Drone  
  11  7:00  Drone  
Tags
 
Add a new tag
Caveats
  • Supply blocks, unpowered buildings, or Contaminate may cause inaccurate times.
  • Supply counts are checked every 10 seconds.